 Dungeon Crawl Stone Soup version 0.22-a0-538-g76cc104 (webtiles) character file.

22297 Goblin1989 the Carver (level 12, -6/75 HPs)
             Began as a Tengu Fighter on June 23, 2018.
             Was an Initiate of Gozag.
             Mangled by a spatial maelstrom (17 damage)
             ... on level 3 of the Abyss.
             The game lasted 01:23:27 (17689 turns).

Goblin1989 the Carver (Tengu Fighter)              Turns: 17689, Time: 01:23:28

Health: -6/75      AC: 14    Str: 18    XL:     12   Next: 99%
Magic:  26/26      EV: 29    Int:  9    God:    Gozag
Gold:   920        SH: 11    Dex: 13    Spells: 11/11 levels left

rFire    . . .     SeeInvis +   W - +3 scimitar (freeze)
rCold    . . .     Gourm    .   c - +0 shield
rNeg     + . .     Faith    .   U - +0 chain mail {rN+}
rPois    .         Spirit   .   (helmet restricted)
rElec    .         Reflect  .   m - +0 cloak
rCorr    .         Harm     .   g - +0 pair of gloves
MR       .....     Rnd*Rage +   (boots unavailable)
Stlth    ..........             u - amulet of the acrobat
HPRegen  0.22/turn              q - ring of magical power
MPRegen  0.20/turn              s - ring of see invisible

@: berserk cooldown, flying quickly and evasively, slowed, very slow
A: beak, talons 3, berserk 2, [dopey 1], weak 1, able to fly 1
a: Potion Petition, Call Merchant, Bribe Branch, Renounce Religion


You were on level 3 of the Abyss.
You worshipped Gozag.
Gozag was pleased with you.
You were not hungry.

You visited 2 branches of the dungeon, and saw 16 of its levels.
You visited the Abyss 1 time.
You also visited: Ossuary and Volcano.

You collected 3600 gold pieces.
You spent 1353 gold pieces at shops.
You paid 1327 gold pieces to Gozag.

Inventory:

Hand Weapons
 b - a +1 dagger of speed
 d - a +1 scimitar of electrocution
 r - the +11 broad axe of the Dark Horse {chop, rF+ rC++ Dex+2}
   (You bought it in a shop on level 10 of the Dungeon)

   It inflicts extra damage upon your enemies.
   It affects your dexterity (+2).
   It protects you from fire.
   It greatly protects you from cold.
 B - a +0 hand axe of chopping
 W - a +3 scimitar of freezing (weapon)
Missiles
 V - 5 tomahawks of returning (quivered)
 X - 4 javelins {@Q2}
Armour
 c - a +0 shield (worn)
 g - a +0 pair of gloves (worn)
 m - a +0 cloak (worn)
 D - the +4 ring mail "Deuttowk" {Dex+4 SInv}
   (You found it on level 4 of the Lair of Beasts)

   It affects your dexterity (+4).
   It lets you see invisible.
 P - a +0 plate armour
 Q - a +3 chain mail of fire resistance
 U - a +0 chain mail of positive energy (worn)
Jewellery
 q - a ring of magical power (left hand)
 s - a ring of see invisible (right hand)
 u - an amulet of the acrobat (around neck)
 x - an uncursed ring of stealth
Wands
 t - a wand of polymorph (45)
 E - a wand of enslavement (21)
 G - a wand of digging (10) {@v1}
 H - a wand of random effects (30)
 N - a wand of clouds (8) {@v3}
 S - a wand of flame (89) {@v6}
Scrolls
 k - a scroll of silence {unknown}
 n - a scroll of blinking {unknown}
 o - 13 scrolls of remove curse {@r3}
 p - a scroll of summoning {unknown}
 z - a scroll of acquirement {unknown}
 A - 2 scrolls of amnesia {unknown}
 F - 2 scrolls of fear
 I - 4 scrolls of enchant armour
 L - 3 scrolls of random uselessness {unknown}
 M - a scroll of magic mapping
 R - a scroll of identify {@r1}
 T - 4 scrolls of teleportation {!r, @r2}
 Y - 2 scrolls of immolation {unknown}
 Z - 2 scrolls of fog
Potions
 h - 7 potions of mutation {!q}
 i - a potion of agility {@q5}
 l - 9 potions of curing {@q1}
 v - 4 potions of brilliance
 w - 4 potions of lignification
 C - 2 potions of haste {@q3,}
 J - 2 potions of cancellation
 K - 3 potions of heal wounds {@q2}
 O - 4 potions of ambrosia
Miscellaneous
 f - a phial of floods (inert)
Comestibles
 e - 19 rations


   Skills:
 - Level 8.6 Fighting
 - Level 11.4 Long Blades
 + Level 10.1 Axes
 - Level 9.6 Armour
 - Level 7.0 Dodging
 - Level 8.7 Shields
 - Level 5.4 Evocations


You had 11 spell levels left.
You didn't know any spells.
Your spell library contained the following spells:

 Spells                   Type           Power        Failure   Level  Hunger
 Apportation              Tloc           #.....       100%        1    ##.....
 Confuse                  Hex            #.......     100%        3    ####...
 Teleport Other           Tloc           #.......     100%        3    ####...
 Recall                   Summ/Tloc      N/A          100%        3    ####...
 Spider Form              Tmut/Pois      #.........   100%        3    ####...
 Blade Hands              Tmut           #.........   100%        5    ######.
 Ice Form                 Ice/Tmut       #.......     100%        4    #####..
 Confusing Touch          Hex            #.....       100%        1    ##.....
 Sticks to Snakes         Tmut           #.......     100%        2    ###....
 Metabolic Englaciation   Hex/Ice        #.........   100%        5    ######.
 Excruciating Wounds      Chrm/Necr      #.........   100%        5    ######.
 Petrify                  Tmut/Erth      #.......     100%        4    #####..
 Beastly Appendage        Tmut           #.....       100%        1    ##.....
 Gell's Gravitas          Tloc           #.........   100%        3    ####...
 Yara's Violent Unravell  Hex/Tmut       #.........   100%        5    ######.


Dungeon Overview and Level Annotations

Branches:
Dungeon (12/15)            Temple (0/1) D:6            Lair (4/6) D:11
  Swamp (0/4) Lair:2       Spider (0/4) Lair:2          Orc (0/2) D:12

Altars:
Ashenzari
Fedhas
Gozag
Sif Muna
Trog
Vehumet
Xom
Jiyva

Shops:
D:6 [   D:10 (

Annotations:
D:3 exclusion: oklob plant
Lair:1 3 runed doors, Verendum's ghost, journeyman FoFi


Innate Abilities, Weirdness & Mutations

You have a beak for a mouth.
You have claws for feet.
You can fly.
You often lose your temper in combat.
You are weak. (Str -2)
[You are dopey. (Int -2)]


Message History

You swoop lightly up into the air.
You feel very comfortable in the air.
You feel somewhat more hungry.
You now have 23/26 mp.
A thrashing horror and a spatial maelstrom come into view.
The thrashing horror roars!
You hear a shout! x2
A guardian serpent comes into view. 2 spatial vortices come into view.
What are your orders? t - Shout!
Orders for allies: a - Attack new target. r - Retreat! s - Stop attacking. g - Guard the area. f - Follow me.
Anything else - Cancel.
Okay, then.
Unknown command.
Unknown command.
Really read
T - 5 scrolls of teleportation {!r, @r2}?
As you read the scroll of teleportation {!r, @r2}, it crumbles to dust.
You feel strangely unstable.
You feel the power of the Abyss delaying your translocation!
You block the spatial maelstrom's attack.
The spatial maelstrom hits you but does no damage.
Unknown command.
A naga warrior comes into view. It is wielding a dire flail.
The naga warrior shouts!
A large abomination comes into view.
The thrashing horror misses you.
You riposte.
A great orb of eyes comes into view.
The great orb of eyes turns its gaze towards you.
You hit the thrashing horror. You freeze the thrashing horror.
Your kick misses the thrashing horror.
The thrashing horror is lightly damaged.
The thrashing horror completely misses you.
The spatial maelstrom misses you.
You riposte.
You hit the spatial maelstrom.
The spatial maelstrom is lightly damaged.
The spatial maelstrom hits you.
You feel strangely stable.
You take 3 damage, and have 64/75 hp.
The thrashing horror tramples you but does no damage.
You block the thrashing horror's attack.
The thrashing horror closely misses you.
You riposte.
You closely miss the thrashing horror.
The thrashing horror is lightly damaged.
The thrashing horror misses you.
The spatial maelstrom hits you but does no damage.
You block the spatial maelstrom's attack.
A spatial vortex comes into view.
You slash the great orb of eyes! You freeze the great orb of eyes.
Your peck misses the great orb of eyes.
The great orb of eyes is lightly wounded.
You block the thrashing horror's attack.
The thrashing horror tramples you.
You hold your ground!
The spatial maelstrom barely misses you.
The spatial maelstrom hits you! Space warps horribly around you!
* * * LOW HITPOINT WARNING * * *
The naga warrior spits poison at you. You block the splash of poison.
A spatial vortex comes into view.
You take 31 damage, and have 33/75 hp.
MASSIVE DAMAGE!!
MP restored: 26 You block the spatial maelstrom's attack. x2
The thrashing horror closely misses you.
You riposte.
You slash the thrashing horror! You freeze the thrashing horror.
You claw the thrashing horror. Your peck misses the thrashing horror.
The thrashing horror is moderately damaged.
You block the thrashing horror's attack.
You block the great orb of eyes's attack.
The spatial maelstrom misses you.
You block the spatial maelstrom's attack.
The guardian serpent weaves intricate patterns with the tip of its tongue.
The large abomination blinks!
The spatial vortex blinks!
The large abomination closely misses you.
The spatial vortex misses you.
You riposte.
Your shield and chain mail prevent you from hitting the spatial vortex.
The thrashing horror completely misses you.
You riposte.
Your chain mail prevents you from hitting the thrashing horror.
You claw the thrashing horror. Your peck misses the thrashing horror.
The thrashing horror is moderately damaged.
The thrashing horror completely misses you.
The spatial maelstrom barely misses you.
You riposte.
You slash the spatial maelstrom! You freeze the spatial maelstrom.
Your kick misses the spatial maelstrom.
The spatial maelstrom is moderately damaged.
The spatial maelstrom completely misses you.
The thrashing horror completely misses you. x2
The great orb of eyes barely misses you.
The thrashing horror completely misses you.
You riposte.
You slash the thrashing horror!
You claw the thrashing horror, but do no damage.
Your peck misses the thrashing horror.
The thrashing horror is heavily damaged.
The thrashing horror closely misses you.
The great orb of eyes bites you!
* * * LOW HITPOINT WARNING * * *
The spatial maelstrom completely misses you.
The spatial maelstrom hits you!
* * * LOW HITPOINT WARNING * * *
Space warps horribly around you!
You die...
Your body crumbles into a pile of gold.

. ███ █. ..
..█ .█ ..S
.. .█ █.██
.███. .X.
█v..██
..██v.N.█
█.███.██XG█
█.§..███.@█
█..S██Xv█
█...█.█..S█
█ █..█..█.█
███..████.█
█...██ ..█
██. .█ ...
█ ██. ███
█.. .█
█..██.█ █..


You could see a naga warrior, a spatial maelstrom, a great orb of eyes, 2
spatial vortices, a thrashing horror, a large abomination and a guardian
serpent.

Vanquished Creatures
  3 thrashing horrors (Abyss:3)
  Urug (Lair:2)
  A wretched star (Abyss:3)
  Pikel (D:4)
  A lindwurm (D:11)
  A large abomination (Abyss:3)
  A cyclops (D:11)
  3 black mambas
  3 kobold demonologists (D:12)
  3 rime drakes
  2 komodo dragons
  2 centaur skeletons
  2 trolls
  A hornet (D:12)
  A slime creature (D:12)
  A harpy skeleton (D:12)
  3 hippogriffs
  A tarantella (Lair:2)
  A water elemental (D:12)
  A wyvern (D:11)
  17 yaks
  2 basilisks
  Grum (D:8)
  2 neqoxecs (Abyss:3)
  A steam dragon (D:11)
  2 hungry ghosts (D:12)
  Menkaure (D:7)
  7 vampire mosquitoes
  2 soldier ants (D:12)
  3 water moccasins
  A porcupine (Lair:2)
  2 sky beasts
  5 orc warriors
  6 ice beasts
  12 ogres
  A necrophage (D:11)
  A phantom (D:12)
  4 wolves
  3 crocodiles
  4 centaurs
  2 big kobolds
  9 bullfrogs
  4 water moccasin zombies (Ossuary)
  7 scorpions
  6 killer bees (D:10)
  9 wights
  A howler monkey (D:8)
  4 electric eels
  2 crimson imps
  3 lava snakes (Lair:3)
  3 jellies (D:12)
  A quasit (D:12)
  7 hounds
  An iron imp (Abyss:3)
  8 orc priests
  2 iguanas
  11 orc wizards
  3 bullfrog skeletons
  13 worker ants
  3 big kobold zombies (Ossuary)
  3 hound skeletons
  2 mummies (Ossuary)
  A howler monkey zombie (D:10)
  2 worker ant zombies
  14 adders
  4 shadow imps
  An ooze (D:5)
  8 adder zombies
  An adder skeleton (D:6)
  A worm (D:2)
  5 dart slugs
  8 leopard geckos
  39 orcs
  16 bats
  6 giant cockroaches
  2 gnoll zombies (Ossuary)
  5 goblins
  9 hobgoblins
  13 jackals
  13 kobolds
  4 quokkas
  3 ball pythons
  7 frilled lizards
  4 hobgoblin zombies (Ossuary)
  2 kobold zombies (Ossuary)
  4 orc zombies (Ossuary)
  12 rats
398 creatures vanquished.

Vanquished Creatures (collateral kills)
  A hippogriff (Lair:3)
1 creature vanquished.

Vanquished Creatures (others)
  4 fungi (D:3)
  11 plants
15 creatures vanquished.

Grand Total: 414 creatures vanquished

Notes
Turn   | Place    | Note
-------+----------+-------------------------------------------
     0 | D:1      | Goblin1989 the Tengu Fighter began the quest for the Orb.
     0 | D:1      | Reached XP level 1. HP: 14/14 MP: 2/2
    95 | D:1      | Reached XP level 2. HP: 19/19 MP: 3/3
   115 | D:1      | Reached skill level 3 in Long Blades
   504 | D:1      | Reached XP level 3. HP: 18/23 MP: 4/4
   617 | D:1      | Reached skill level 4 in Long Blades
  1357 | D:2      | Reached XP level 4. HP: 28/28 MP: 4/5
  1788 | D:2      | Reached skill level 5 in Long Blades
  2325 | D:3      | Found a bloodstained altar of Trog.
  2328 | D:3      | Found an opulent altar of Gozag.
  2329 | D:3      | Found a radiant altar of Vehumet.
  2336 | D:3      | Goblin1989: !rng trog gozag
  2336 | D:3      | XtahuaRules: The RNG chooses: gozag.
  2338 | D:3      | Became a worshipper of Gozag Ym Sagoz the Greedy
  2346 | D:3      | Found a shattered altar of Ashenzari.
  2408 | D:3      | Gained mutation: You can fly. [Tengu growth]
  2408 | D:3      | Reached XP level 5. HP: 32/32 MP: 6/6
  2581 | D:3      | You fall through a shaft for 2 floors!
  2581 | D:5      | Entered Level 5 of the Dungeon
  2744 | D:5      | Reached XP level 6. HP: 32/37 MP: 7/7
  3026 | D:3      | Found a deep blue altar of Sif Muna.
  3128 | D:3      | Reached skill level 6 in Long Blades
  3272 | D:3      | Found a blossoming altar of Fedhas.
  3350 | D:3      | Noticed an oklob plant
  3452 | D:3      | iamserjio: как тайл октопода на кракена сменить lul
  3651 | D:4      | Noticed an orc warrior
  3670 | D:4      | Killed an orc warrior
  3671 | D:4      | Reached XP level 7. HP: 42/42 MP: 8/8
  3734 | D:4      | Goblin1989: сек
  3734 | D:4      | iamserjio: подрубай флай иногда для ев и чтобы убежать
  3734 | D:4      | Goblin1989: ок
  3734 | D:4      | Goblin1989: tile_player_tile = tile:tran_ice
  3734 | D:4      | Goblin1989: tran_ice можно попробовать заменить на kraken
  3759 | D:4      | iamserjio: к
  4063 | D:4      | Reached skill level 7 in Long Blades
  4315 | D:4      | Noticed Pikel
  4343 | D:4      | Killed Pikel
  4343 | D:4      | Reached skill level 8 in Long Blades
  4343 | D:4      | Reached skill level 5 in Armour
  4343 | D:4      | Reached XP level 8. HP: 46/48 MP: 9/9
  4707 | D:5      | Reached skill level 5 in Shields
  4789 | D:5      | Reached skill level 5 in Fighting
  5694 | D:6      | Reached skill level 1 in Dodging
  5724 | D:6      | Reached XP level 9. HP: 52/54 MP: 10/10
  5782 | D:6      | Reached skill level 9 in Long Blades
  5782 | D:6      | Reached skill level 1 in Evocations
  5791 | D:6      | Identified Tatasytz's Volume of the Vanishing Beds
  5979 | D:6      | Found a staircase to the Ecumenical Temple.
  6122 | D:6      | Found Gokhaang's Antique Armour Shop.
  6408 | D:7      | Noticed Menkaure
  6574 | D:7      | Killed Menkaure
  6831 | D:7      | Found a shimmering altar of Xom.
  7192 | D:8      | Found a sand-covered staircase.
  7199 | Ossuary  | Entered an ossuary
  7223 | Ossuary  | Reached skill level 10 in Long Blades
  7276 | Ossuary  | Reached XP level 10. HP: 60/60 MP: 13/13
  7674 | D:8      | Noticed Grum
  7697 | D:8      | Killed Grum
  9543 | D:10     | Entered Level 10 of the Dungeon
  9896 | D:10     | Reached skill level 11 in Long Blades
 10406 | D:10     | Reached skill level 5 in Dodging
 10406 | D:10     | Reached XP level 11. HP: 65/67 MP: 15/15
 10589 | D:10     | iamserjio: тайл как-то не просто кракен зовется
 10592 | D:10     | iamserjio: с амулем акробата можешь щит снять и бегать вокруг мобья и рипостить
 10592 | D:10     | iamserjio: путь пацифиста
 10592 | D:10     | Goblin1989: tile_kraken может
 10592 | D:10     | Goblin1989: а рипостить будет?
 10592 | D:10     | Goblin1989: хм
 10592 | D:10     | iamserjio: да
 10592 | D:10     | iamserjio: еще как
 10592 | D:10     | Goblin1989: удивительно
 10592 | D:10     | Goblin1989: багулечка
 10699 | D:10     | iamserjio: не баг же ты просто ходишь
 10737 | D:10     | Goblin1989: ну я хз, дэвы все такие фишечки выпиливают активно, о балансе заботятся
 10916 | D:10     | Noticed Psyche
 10918 | D:10     | iamserjio: ну тебя еще надо увернуться и только тогда будет ролл на рипост с 33 процентным шансом
 10930 | D:10     | Noticed Psyche
 10930 | D:10     | Psyche changed into Psyche the wolf
 10935 | D:10     | Killed Psyche the wolf
 11010 | D:10     | Goblin1989: ну да, шанс очень маленький
 11025 | D:10     | iamserjio: смотря на каком этапе - у тебя может быть и 40 ев в скором будущем с флаем и если броню полегче оденешь - для данжа леира и орков вполне
 11025 | D:10     | Goblin1989: не, я по старинке потабаю
 11064 | D:10     | iamserjio: я в начале когда не шарил дексу апал сильно до 20 хотя бы XD
 11074 | D:10     | iamserjio: и именно поэтому монками стартовал потому что у них +7 декс стартовая
 11074 | D:10     | Goblin1989: два моих последних вина за демонспавнов я билдился в дексу
 11074 | D:10     | Goblin1989: лол, не знал
 11111 | D:11     | Noticed a two-headed ogre
 11122 | D:11     | iamserjio: 12-14 дексы хватает
 11132 | D:11     | Noticed a lindwurm
 11132 | D:11     | a two-headed ogre changed into a lindwurm
 11134 | D:11     | iamserjio: на флае же будет
 11139 | D:11     | iamserjio: скорость 1.2
 11139 | D:11     | iamserjio: можешь от огра изи убежать
 11142 | D:11     | Killed a lindwurm
 11348 | D:10     | Goblin1989: бляха!
 11348 | D:10     | iamserjio: meh
 11348 | D:10     | Goblin1989: в топоры качаться нужно
 11348 | D:10     | Goblin1989: пушка до конца игры
 11443 | D:4      | iamserjio: обычный броад с вамп или элек лучше- разве что резисты
 11446 | D:4      | iamserjio: lul я бы никогда не стал перекачиваться, жадность когда уже мечи 12 почти что
 11446 | D:4      | Goblin1989: лол, где ты еще найдешь заточку на +11,
 11446 | D:4      | Goblin1989: только от окавару или трога
 11530 | D:10     | iamserjio: заточка не так важна как базовый урон
 11546 | D:10     | iamserjio: он еще и дорогой T_T
 11546 | D:10     | Goblin1989: у меня гозаг
 11546 | D:10     | iamserjio: все равно я жадный, я даже трех рунку с гозагом заканчивал с 18 к золота XD
 11546 | D:10     | Goblin1989: 13+11, плюс это топовый одноручный топор и от силы скейлиться нелохо должен
 11546 | D:10     | Goblin1989: короче как у меня будет 10 в топорах я на него перейду
 11546 | D:10     | iamserjio: понятно что хороший но бренд херь
 11546 | D:10     | Goblin1989: {artefact} {artifact}
 11546 | D:10     | iamserjio: давай рнг
 11546 | D:10     | Goblin1989: лол, это для таких как я
 11546 | D:10     | Goblin1989: !rng long axe
 11546 | D:10     | XtahuaRules: The RNG chooses: long.
 11546 | D:10     | iamserjio: ez
 11546 | D:10     | iamserjio: (.)>
 11546 | D:10     | Goblin1989: lol, я не согласен сэтим
 11546 | D:10     | p0werm0de: nice one
 11546 | D:10     | iamserjio: запускаю тенгу в чат
 11546 | D:10     | iamserjio: (.)>
 11546 | D:10     | Goblin1989: точка сверху нужна
 11546 | D:10     | Goblin1989: (')>
 11546 | D:10     | Goblin1989: <(')
 11685 | D:11     | Noticed a cyclops
 11845 | D:11     | Reached skill level 1 in Axes
 11893 | D:11     | Found a staircase to the Lair.
 12069 | D:11     | Reached skill level 5 in Evocations
 12163 | D:11     | Got a shimmering robe
 12249 | D:10     | Identified the +2 robe of Qehofa {rF+ Regen+} (You found it on level 11 of the Dungeon)
 12413 | D:11     | Killed a cyclops
 12768 | D:10     | Bought the +11 broad axe of the Dark Horse {chop, rF+ rC++ Dex+2} for 1353 gold pieces
 12831 | D:12     | Noticed a sun demon
 13443 | D:12     | Found a viscous altar of Jiyva.
 13454 | D:12     | Reached skill level 5 in Axes
 13533 | D:12     | Reached XP level 12. HP: 72/73 MP: 16/16
 14018 | D:12     | Found a staircase to the Orcish Mines.
 14635 | Lair:1   | Entered Level 1 of the Lair of Beasts
 14768 | Lair:1   | Found a runed gate.
 14769 | Lair:1   | Noticed Verendum's ghost (journeyman FoFi)
 14769 | Lair:1   | Noticed a nine-headed hydra
 14770 | Lair:1   | Found a runed gate.
 14770 | Lair:1   | Found a runed gate.
 14770 | Lair:1   | Noticed a 12-headed hydra
 15405 | Lair:2   | Found a staircase to the Swamp.
 15437 | Lair:2   | Found a hole to the Spider Nest.
 15563 | Lair:2   | Noticed Urug
 15595 | Lair:2   | Killed Urug
 17382 | Lair:4   | Noticed a seven-headed hydra
 17433 | Lair:4   | Got a brightly glowing ring mail
 17440 | Lair:4   | Found a dark tunnel.
 17444 | Volcano  | Entered a volcano
 17455 | Volcano  | Identified the +4 ring mail "Deuttowk" {Dex+4 SInv} (You found it on level 4 of the Lair of Beasts)
 17486 | Volcano  | Cast into level 3 of the Abyss (a wizard)
 17518 | Abyss:3  | Gained mutation: You are weak. (Str -2) [a neqoxec]
 17520 | Abyss:3  | Gained mutation: You tend to lose your temper in combat. [a neqoxec]
 17569 | Abyss:3  | Noticed a thrashing horror
 17570 | Abyss:3  | Noticed a thrashing horror
 17571 | Abyss:3  | Noticed a thrashing horror
 17571 | Abyss:3  | Noticed a thrashing horror
 17582 | Abyss:3  | Killed a thrashing horror
 17585 | Abyss:3  | Killed a thrashing horror
 17590 | Abyss:3  | Noticed a wretched star
 17607 | Abyss:3  | Killed a thrashing horror
 17609 | Abyss:3  | Noticed a starcursed mass
 17610 | Abyss:3  | Killed a wretched star
 17610 | Abyss:3  | Reached skill level 10 in Axes
 17616 | Abyss:3  | Paralysed by accursed screaming for 1 turns
 17652 | Abyss:3  | Gained mutation: You often lose your temper in combat. [a neqoxec]
 17683 | Abyss:3  | Noticed a thrashing horror
 17685 | Abyss:3  | Noticed a naga warrior
 17685 | Abyss:3  | Noticed a great orb of eyes
 17689 | Abyss:3  | Mangled by a spatial maelstrom

Vault maps used:
D:1:      minmay_arrival_four_houses
D:2:      lemuel_upstairs_altar, st_stairs_12
D:3:      ashenzari_altar_1, tgw_fedhas, grunt_temple_overflow_open,
          led_sif_pool
D:4:      minmay_divided_ellipse, uniq_pikel
D:5:      first_ration, nicolae_underground_beach
D:6:      minmay_temple_entry_hall, serial_shops, shop
D:7:      kennysheep_mini_moat, uniq_menkaure
D:8:      chequers_ossuary_entry_cave, uniq_grum
D:10:     uniq_psyche
D:11:     david_lair_shrubbed
D:12:     david_orc_4, kennysheep_diamond, hangedman_pestilent_swarm,
          minmay_strange_pillars, nicolae_twisting_strands, jiyva_altar_1
Lair:1:   gammafunk_ghost_hydra_chop
Lair:2:   minmay_swamp_entry_swarm, spider_nest_entry_rubble,
          serial_bayou_pond_d, uniq_urug
Lair:3:   disabler_island
Lair:4:   nicolae_volcano_entry_lava_flow, serial_bayou_shore_a,
          grunt_megastairs_2, uniq_nessos
Abyss:3:  evilmike_abyss_exit_15, minivault_1, nicolae_abyss_rune_left_handed
Ossuary:  ossuary_tomb_2
Volcano:  volcano_bunker

Skill      XL: |  1  2  3  4  5  6  7  8  9 10 11 12 |
---------------+-------------------------------------+-----
Long Blades    | 3 4 5 6 8 10 11 | 11.4
Armour         | 4 5 6 7 8 9 |  9.6
Fighting       | 4 5 6 7 8 |  8.6
Shields        | 4 5 6 7 8 |  8.7
Dodging        | 1 3 5 6 7 |  7.0
Evocations     | 2 4 5 |  5.4
Axes           | 5 10 | 10.1

Action                   |  1- 3 |  4- 6 |  7- 9 | 10-12 || total
-------------------------+-------+-------+-------+-------++-------
Melee: Long sword        |   107 |   133 |   298 |       ||   538
       Peck              |    13 |    32 |    63 |   148 ||   256
       Kick              |    18 |    38 |   117 |   235 ||   408
       Scimitar          |       |       |    34 |   712 ||   746
       Broad axe         |       |       |       |    27 ||    27
Invok: Potion Petition   |       |       |       |     2 ||     2
       Call Merchant     |       |       |       |     1 ||     1
 Abil: Fly               |       |       |     7 |    19 ||    26
Evoke: Wand              |       |       |       |    19 ||    19
       Phial of floods   |       |       |       |     1 ||     1
  Use: Potion            |       |     1 |     1 |    13 ||    15
       Scroll            |       |       |    10 |    16 ||    26
 Stab: Distracted        |       |       |     1 |     3 ||     4
       Invisible         |       |       |       |    13 ||    13
  Eat: Chunk             |     2 |     3 |       |       ||     5
       Ration            |       |     1 |     4 |    12 ||    17
Armor: Scale mail        |    62 |    63 |    28 |       ||   153
       Chain mail        |       |       |    72 |   109 ||   181
       Plate armour      |       |       |       |   118 ||   118
       Skin              |       |       |       |     6 ||     6
Dodge: Dodged            |    26 |    51 |    89 |   280 ||   446
Block: Shield            |    57 |    51 |   145 |   362 ||   615
       Rpst.: Long sword |    10 |    18 |    20 |       ||    48
       Scimitar          |       |       |     1 |    51 ||    52

Table legend:
 A = Spawn XP
 B = Non-spawn XP
 C = Spawn XP percentage of total XP
 D = Spawn monster count
 E = Non-spawn monster count
 F = Spawn count percentage of total count
 G = Total turns spent on level
                    A         B        C        D         E        F      G
               +---------+---------+-------+---------+---------+-------+---------
         Total |    2904 |   28949 |   9.1 |       6 |     393 |   1.5 | 17689
               +---------+---------+-------+---------+---------+-------+---------
           D:1 |       0 |      76 |   0.0 |       0 |      37 |   0.0 |  1302
           D:2 |       0 |      58 |   0.0 |       0 |      22 |   0.0 |   858
           D:3 |       0 |     104 |   0.0 |       0 |      20 |   0.0 |  1103
           D:4 |       0 |    1349 |   0.0 |       0 |      26 |   0.0 |  1155
           D:5 |       0 |     627 |   0.0 |       0 |      18 |   0.0 |  1335
           D:6 |       0 |    1043 |   0.0 |       0 |      20 |   0.0 |   767
           D:7 |       0 |     772 |   0.0 |       0 |      15 |   0.0 |   574
           D:8 |       0 |    1309 |   0.0 |       0 |      31 |   0.0 |  1148
           D:9 |       0 |     747 |   0.0 |       0 |       8 |   0.0 |  1452
          D:10 |       0 |    4033 |   0.0 |       0 |      39 |   0.0 |  1499
          D:11 |       0 |    3478 |   0.0 |       0 |      24 |   0.0 |  1728
          D:12 |       0 |    6560 |   0.0 |       0 |      72 |   0.0 |  1347
        Lair:1 |       0 |     941 |   0.0 |       0 |       5 |   0.0 |   629
        Lair:2 |       0 |    2837 |   0.0 |       0 |      11 |   0.0 |  1128
        Lair:3 |       0 |    2779 |   0.0 |       0 |      15 |   0.0 |  1014
        Lair:4 |       0 |     381 |   0.0 |       0 |       1 |   0.0 |    38
       Abyss:3 |    2904 |    1378 |  67.8 |       6 |       2 |  75.0 |   203
       Ossuary |       0 |     477 |   0.0 |       0 |      27 |   0.0 |   367
               +---------+---------+-------+---------+---------+-------+---------

Vault maps used:
D:1:      minmay_arrival_four_houses
D:2:      lemuel_upstairs_altar, st_stairs_12
D:3:      ashenzari_altar_1, tgw_fedhas, grunt_temple_overflow_open,
          led_sif_pool
D:4:      minmay_divided_ellipse, uniq_pikel
D:5:      first_ration, nicolae_underground_beach
D:6:      minmay_temple_entry_hall, serial_shops, shop
D:7:      kennysheep_mini_moat, uniq_menkaure
D:8:      chequers_ossuary_entry_cave, uniq_grum
D:10:     uniq_psyche
D:11:     david_lair_shrubbed
D:12:     david_orc_4, kennysheep_diamond, hangedman_pestilent_swarm,
          minmay_strange_pillars, nicolae_twisting_strands, jiyva_altar_1
Lair:1:   gammafunk_ghost_hydra_chop
Lair:2:   minmay_swamp_entry_swarm, spider_nest_entry_rubble,
          serial_bayou_pond_d, uniq_urug
Lair:3:   disabler_island
Lair:4:   nicolae_volcano_entry_lava_flow, serial_bayou_shore_a,
          grunt_megastairs_2, uniq_nessos
Abyss:3:  evilmike_abyss_exit_15, minivault_1, nicolae_abyss_rune_left_handed
Ossuary:  ossuary_tomb_2
Volcano:  volcano_bunker
